 Dungeon Crawl Stone Soup version 0.24-a0-464-g6b2be6b8c7 (webtiles) character file.

Game seed: 1993009037217452454

66 Inquire the Shield-Bearer (level 3, -2/34 HPs)
             Began as a Deep Dwarf Fighter on July 3, 2019.
             Killed by divine providence
             ... invoked by an orc priest
              (13 damage)
             ... on level 3 of the Dungeon.
             The game lasted 00:02:49 (1525 turns).

Inquire the Shield-Bearer (Deep Dwarf Fighter)      Turns: 1525, Time: 00:02:50

Health: -2/34      AC:  5    Str: 20    XL:     3   Next: 96%
Magic:  3/3        EV:  8    Int:  8    God:
Gold:   142        SH:  0    Dex: 12    Spells: 2/2 levels left

rFire    . . .     SeeInvis .   g - +0 dagger (venom)
rCold    . . .     Gourm    .   c - +0 shield
rNeg     . . .     Faith    .   j - +0 ring mail {MR+}
rPois    .         Spirit   .   (no helmet)
rElec    .         Reflect  .   (no cloak)
rCorr    .         Harm     .   (no gloves)
MR       +....                  (no boots)
Stlth    ..........             (no amulet)
HPRegen  0.00/turn              (no ring)
MPRegen  0.08/turn              (no ring)

@: confused, flying, non-regenerating
A: damage resistance, heal wounds, sense surroundings 1, no regeneration
a: Heal Wounds


You were on level 3 of the Dungeon.
You were very hungry.

You visited 1 branch of the dungeon, and saw 3 of its levels.

You collected 142 gold pieces.

Inventory:

Hand Weapons
 a - a +1 war axe
 g - a +0 dagger of venom (weapon)
Missiles
 o - 14 poisoned darts (quivered)
Armour
 b - a +1 scale mail
 c - a +0 shield (worn)
 j - a +0 ring mail of magic resistance (worn)
Wands
 h - a wand of flame (15)
Scrolls
 l - 2 scrolls of remove curse
 n - a scroll of amnesia
Potions
 d - 2 potions of might
 i - a potion of magic
 k - a potion of lignification
Comestibles
 f - 6 rations


   Skills:
 + Level 3.0 Fighting
 * Level 3.2 Axes
 + Level 3.5 Armour
 + Level 1.0 Dodging
 * Level 4.0 Shields


You had 2 spell levels left.
You didn't know any spells.
Your spell library was empty.

Dungeon Overview and Level Annotations

Branches:
Dungeon (3/15)

Altars:
Cheibriados


Innate Abilities, Weirdness & Mutations

You are resistant to damage.
You can heal yourself by infusing magical energy.
You passively map a small area around you.
You do not regenerate.


Message History

Press: ? - help, Shift-Dir - straight line, f/p - orc
Aim: an orc, wielding a -2 whip (severely wounded, poisoned)
You throw a poisoned dart. The poisoned dart hits the orc.
The orc looks even sicker.
The orc is severely wounded.
The orc priest mumbles some strange prayers to Beogh against you.
Beogh smites you!
* * * LOW HITPOINT WARNING * * *
You block the orc's attack.
Unknown command.
It was a potion of ambrosia.
You are confused.
You feel invigorated.
You kill the orc!
Your Dodging skill increases to level 1!
Unknown command.
Your shield prevents you from hitting the orc.
The orc priest calls down the wrath of Beogh upon you.
Beogh smites you!
You die...

......############ * #.#
......#, , , *#.# ......#
#.# ......# * * , #.#
......#,* , ,*#.# .####.#
**, #.# ...##.# * * ,,
*#.#
##.##.#.###############.#
#.##.#......o.o@.......#
##.##.###################
...##.# #####.# #.# #.#
#####.# ......# #####.#


You could see an orc priest and an orc.

Vanquished Creatures
  3 adders
  3 leopard geckos
  3 orcs (D:3)
  5 bats
  6 goblins
  2 hobgoblins
  A kobold (D:2)
  3 quokkas (D:2)
  A frilled lizard (D:1)
  5 rats
32 creatures vanquished.

Notes
Turn   | Place    | Note
-------+----------+-------------------------------------------
     0 | D:1      | Inquire the Deep Dwarf Fighter began the quest for the Orb.
     0 | D:1      | Reached XP level 1. HP: 20/20 MP: 1/1
    63 | D:1      | Found a snail-covered altar of Cheibriados.
   259 | D:1      | Reached XP level 2. HP: 27/27 MP: 2/2
   774 | D:2      | Reached XP level 3. HP: 33/33 MP: 3/3
  1144 | D:3      | Reached skill level 4 in Shields
  1524 | D:3      | Reached skill level 1 in Dodging
  1525 | D:3      | Killed from afar by an orc priest

Levels and vault maps discovered:
D:1:      nagdon_arrival_double_spiral, layout_basic, nrook_mini_vaults,
          cheibriados_altar_1
D:2:      layout_loops_ring, first_ration
D:3:      layout_basic

Skill      XL: |  1  2  3 |
---------------+----------+-----
Axes           | 3 |  3.2
Fighting       | 3 |  3.0
Shields        | 4 |  4.0
Dodging        | 1 |  1.0
Armour         | |  3.5

Action                   || total
-------------------------++-------
Melee: War axe           ||    65
       Dagger            ||    46
Throw: Dart              ||     3
Evoke: Wand              ||     1
  Use: Scroll            ||    11
       Potion            ||     3
  Eat: Chunk             ||     1
Armor: Scale mail        ||    52
       Ring mail         ||     4
Dodge: Dodged            ||    37
Block: Shield            ||    62

Table legend:
 A = Non-vault XP
 B = Vault XP
 C = Vault XP percentage of total XP
 D = Non-vault monster count
 E = Vault monster count
 F = Vault count percentage of total count
                 A         B        C        D         E       F
            +---------+---------+-------+---------+---------+-------
      Total |      95 |       0 |   0.0 |      32 |       0 |   0.0
            +---------+---------+-------+---------+---------+-------
        D:1 |      13 |       0 |   0.0 |       8 |       0 |   0.0
        D:2 |      52 |       0 |   0.0 |      16 |       0 |   0.0
        D:3 |      30 |       0 |   0.0 |       8 |       0 |   0.0
            +---------+---------+-------+---------+---------+-------
